 Dungeon Crawl Stone Soup version 0.30.1-11-g7821555f0a (webtiles) character file.

Game seed: 7155201982658702283

14 lonewolfV2 the Trooper (level 2, -5/27 HPs)
             Began as a Minotaur Fighter on Nov 10, 2023.
             Slain by Sigmund
             ... wielding a +0 scythe of freezing
              (7 damage)
             ... on level 2 of the Dungeon.
             The game lasted 00:00:33 (779 turns).

lonewolfV2 the Trooper (Minotaur Fighter)            Turns: 779, Time: 00:00:33

Health: -5/27      AC:  7    Str: 20    XL:     2   Next: 27%
Magic:  1/1        EV:  9    Int:  5    God:
Gold:   29         SH:  5    Dex:  9    Spells: 1/1 levels left

rFire   . . .        a - +0 war axe
rCold   . . .        c - +1 buckler
rNeg    . . .        b - +0 scale mail
rPois   .            (helmet restricted)
rElec   .            (no cloak)
rCorr   .            (no gloves)
SInv    .            (no boots)
Will    .....        (no amulet) Stlth
                     (no ring)
HPRegen 0.24/turn    (no ring)
MPRegen 0.07/turn

%: no passive effects
@: no status effects
A: horns 2, retaliatory headbutt
a: no special abilities


You were on level 2 of the Dungeon.
You visited 1 branch of the dungeon, and saw 2 of its levels.

You collected 29 gold pieces.

Inventory:

Hand Weapons
 a - a +0 war axe (weapon)
Armour
 b - a +0 scale mail (worn)
 c - a +1 buckler (worn)
Jewellery
 e - a +6 ring of strength
Scrolls
 f - a scroll of enchant armour
Potions
 d - a potion of might
 i - a potion of lignification {unknown}
 j - a potion of magic {unknown}
 k - a potion of haste {unknown}
 m - a potion of degeneration {unknown}
 n - a potion of berserk rage {unknown}


   Skills:
 * Level 4.0 Fighting
 - Level 2.6 Axes
 - Level 3.8 Armour
 - Level 3.8 Shields


You had one spell level left.
You didn't know any spells.
Your spell library was empty.

Dungeon Overview and Level Annotations

Branches:
Dungeon (2/15)

Altars:

Annotations:
D:2 Sigmund


Innate Abilities, Weirdness & Mutations

You have a pair of horns on your head.
You reflexively headbutt those who attack you in melee.


Message History

The goblin shouts!
A goblin is nearby!
A goblin is nearby!
A goblin is nearby!
You block the goblin's attack.
You completely miss the goblin. You block the goblin's attack.
A goblin is nearby!
You closely miss the goblin. The goblin hits you with a +0 dagger.
A goblin is nearby!
You slash the goblin!
You kill the goblin!
Your Fighting skill increases to level 4!
You see here a +0 dagger.
HP restored.
Sigmund the Dreaded comes into view.
He is wielding a +0 scythe of freezing and carrying a wand of digging (2).
Found a stone staircase leading down.
Sigmund shouts!
Sigmund points at you and mumbles some strange words.
The magic dart hits you!
A hobgoblin comes into view.
Sigmund gestures at you while chanting. You block the puff of flame.
The hobgoblin shouts!
There are monsters nearby!
Sigmund points at you and mumbles some strange words.
The puff of flame hits you!
There are monsters nearby!
There are monsters nearby!
Sigmund points at you and mumbles some strange words.
You resist with significant effort. You block Sigmund's attack.
You slash Sigmund! You headbutt Sigmund!
Sigmund is severely wounded.
Sigmund casts a spell at you. The puff of flame hits you!
* * * LOW HITPOINT WARNING * * *
You barely miss Sigmund.
Sigmund is severely wounded.
Sigmund hits you with a +0 scythe of freezing!
You die...

........#
.......#
......# .....
.... .g# #@#
#@##
###########..##
#.............#
#.##########..#
#.# ..# #)# ..#
#.# ..# #.# #.#
######.# .>


You could see Sigmund and a hobgoblin.

Vanquished Creatures
  An endoplasm (D:1)
  2 giant cockroaches (D:1)
  2 goblins
  A hobgoblin (D:1)
  A kobold (D:1)
  A quokka (D:1)
  A ball python (D:1)
  A frilled lizard (D:1)
  2 rats (D:1)
12 creatures vanquished.

Notes
Turn   | Place    | Note
-------+----------+-------------------------------------------
     0 | D:1      | lonewolfV2 the Minotaur Fighter began the quest for the
                  | Orb.
     0 | D:1      | Reached XP level 1. HP: 19/19 MP: 0/0
   370 | D:1      | Reached XP level 2. HP: 16/27 MP: 1/1
   749 | D:2      | Reached skill level 4 in Fighting
   771 | D:2      | Noticed Sigmund
   778 | D:2      | HP: 1/27 [Sigmund/puff of flame (10)]
   779 | D:2      | Slain by Sigmund

Illustrated notes

Levels and vault maps discovered:
D:1:      lemuel_arrival_river_bridge, layout_loops_ring, kennysheep_boxes
D:2:      layout_basic, uniq_sigmund

Skill      XL: |  1  2 |
---------------+-------+-----
Fighting       | 4 |  4.0
Axes           | |  2.6
Armour         | |  3.8
Shields        | |  3.8

Action                     || total
---------------------------++-------
  Melee: War axe           ||    26
         Headbutt          ||     4
    Use: Scroll            ||     4
 Armour: Scale mail        ||    14
  Dodge: Dodged            ||     5
  Block: Buckler           ||     9
